Map: 亚历山大港 - 天梯版

Players

Maru - Winner!

  • Race: Terran Terran
  • League: Gold

puCK (Nina)

  • Race: Protoss Protoss

Event: WESG 2018 Grand Finals

VOD

Have the link to the VOD?

Description

Time

  • Played on: March 11, 2019, 1:31 a.m.
  • Length: 4:08

All games in this series

Show
View Real Time Build Order
Export as new Build Order

Maru Terran - Winner!

Build Orders:  

Get SALT Encoding   

  12  0:00  SCV  
  13  0:12  SCV  
  14  0:18  Supply Depot  
  14  0:24  SCV  
  15  0:40  SCV  
  15  0:41  Barracks  
  16  0:47  Refinery  
  16  0:52  SCV  
  17  0:57  Refinery  
  17  1:04  SCV  
  18  1:16  SCV  
  19  1:29  Reaper, Orbital Command  
  20  1:41  Supply Depot  
  20  1:51  Factory  
  20  1:55  SCV  
  20  2:04  Barracks Tech Lab  
  20  2:07  SCV  
  21  2:19  SCV  
  22  2:24  Marauder  
  22  2:26  Concussive Shells  
  24  2:31  SCV  
  24  2:36  Hellion  
  27  2:37  Supply Depot  
  27  2:43  SCV  
  28  2:45  Marauder  
  30  2:53  Starport  
  30  2:57  SCV  
  31  2:59  Hellion  
  33  3:06  Marauder  
  33  3:10  Supply Depot  
  35  3:14  SCV  
  36  3:24  Hellion  
  36  3:26  SCV  
  39  3:32  Marauder  
  40  3:40  Starport Tech Lab  
  39  3:49  SCV  
Show
View Real Time Build Order
Export as new Build Order

puCK Protoss 

Build Orders: 1 Gate Expand 

Get SALT Encoding   

  12  0:00  Probe  
  13  0:12  Probe  
  14  0:18  Pylon  
  14  0:24  Probe  
  15  0:33  Probe  
  15  0:36  Gateway  
  15  0:42  Probe  
  16  0:48  Assimilator  
  17  0:51  Probe  
  18  1:03  Probe  
  19  1:15  Probe  
  20  1:27  Cybernetics Core  
  20  1:34  Nexus  
  20  1:41  Pylon  
  20  1:45  Probe  
  21  1:52  Assimilator  
  21  1:53  Stalker  
  21  1:57  Probe  
  24  2:09  Probe  
  25  2:23  Sentry  
  25  2:28  Probe  
  28  2:40  Probe  
  28  2:42  Probe  
  29  2:49  Stalker  
  29  2:50  Probe  
  30  2:52  Probe  
  34  3:03  Probe  
  34  3:05  Probe  
  36  3:09  Twilight Council  
  36  3:11  Gateway  
  36  3:17  Shield Battery  
  36  3:18  Stalker  
Tags
 
Add a new tag
Caveats
  • Supply blocks, unpowered buildings, or Contaminate may cause inaccurate times.
  • Supply counts are checked every 10 seconds.